 Dungeon Crawl Stone Soup version 0.31-a0-851-g7ff8af7976 (webtiles) character file.

Game seed: 7856687558799321618

26294 Levsong the Grappler (level 12, 0/158 HPs)
             Began as a Troll Berserker on Oct 7, 2023.
             Was a High Priest of Trog.
             Slain by a bog body (10 damage)
             ... while petrified by a basilisk
             ... on level 2 of the Lair of Beasts.
             The game lasted 00:33:09 (13348 turns).

Levsong the Grappler (Troll Berserker)             Turns: 13348, Time: 00:33:09

Health: 0/158      AC:  8    Str: 32    XL:     12   Next: 97%
Magic:  11/11      EV: -2    Int:  3    God:    Trog [*****.]
Gold:   448        SH:  0    Dex:  9    Spells: 11/11 levels left

rFire   . .          .
                       - Unarmed
rCold   . . .        Q - orb {light}
rNeg    + + +        B - +2 robe "Doopt" {rElec}
rPois   ∞            R - +1 hat
rElec   +            q - +0 cloak
rCorr   .            (gloves unavailable)
SInv    .            (boots unavailable)
Will    .....        (no amulet)
Stlth   +            P - ring of poison resistance
HPRegen 1.26/turn    N - +4 ring of slaying
MPRegen 0.12/turn

%: no passive effects
@: petrified, slowed, glowing, constricted
A: large, unfitting armour, claws 3, regeneration 1, shaggy fur 1, tough skin 1,
robust 2
a: Renounce Religion, Berserk, Trog's Hand, Brothers in Arms


You were on level 2 of the Lair of Beasts.
You worshipped Trog.
Trog was extremely pleased with you.
You visited 2 branches of the dungeon, and saw 14 of its levels.

You collected 848 gold pieces.
You spent 400 gold pieces at shops.

Inventory:

Missiles
 t - 11 atropa-tipped darts (quivered)
 I - a curare-tipped dart
 J - 16 poisoned darts
 T - 10 large rocks
Armour
 q - a +0 cloak (worn)
 B - the +2 robe "Doopt" (worn) {rElec}
   (You found it on level 6 of the Dungeon)

   rElec:     It insulates you from electricity.
 Q - an orb of light (worn)
 R - a +1 hat (worn)
Jewellery
 g - a ring of willpower
 j - a ring of protection from fire
 G - a ring of willpower
 N - a +4 ring of slaying (right claw)
 P - a ring of poison resistance (left claw)
Wands
 a - a wand of roots (6)
 n - a wand of mindburst (35)
 u - a wand of flame (18)
 v - a wand of acid (19)
 w - a wand of digging (20)
Scrolls
 c - a scroll of poison {unknown}
 d - 4 scrolls of noise
 e - a scroll of immolation {unknown}
 k - a scroll of brand weapon {unknown}
 l - 2 scrolls of vulnerability {unknown}
 s - a scroll of teleportation {unknown}
 x - 3 scrolls of enchant armour
 y - 2 scrolls of fear
 A - a scroll of revelation {unknown}
 F - a scroll of fog
 L - a scroll of amnesia {unknown}
 V - a scroll of silence {unknown}
Potions
 b - a potion of berserk rage {unknown}
 f - a potion of ambrosia {unknown}
 h - 2 potions of cancellation {unknown}
 i - 3 potions of enlightenment
 m - 6 potions of heal wounds
 p - 2 potions of lignification
 r - 2 potions of brilliance {unknown}
 z - a potion of attraction {unknown}
 C - 5 potions of curing
 E - a potion of might {unknown}
 K - a potion of resistance {unknown}
 U - 2 potions of haste {unknown}
 W - a potion of mutation


   Skills:
 * Level 11.8 Fighting
 + Level 5.6 Throwing
 - Level 7.5 Dodging
 + Level 14.3 Unarmed Combat


You had 11 spell levels left.
You didn't know any spells.
Your spell library was empty.

Dungeon Overview and Level Annotations

Branches:
Dungeon (12/15)            Temple (0/1) D:6            Lair (2/5) D:8
  Swamp: Lair:2-3    Shoals: Lair:2-3     Snake: Lair:2-3    Spider: Lair:2-3
    Orc: D:9-12

Altars:
Cheibriados
Dithmenos
Hepliaklqana
Kikubaaqudgha
Okawaru
Qazlal
Sif Muna
Trog
Wu Jian
Yredelemnul
The Shining One

Shops:
D:2 [   D:3 ?   D:9 *


Innate Abilities, Weirdness & Mutations

You are too large for most types of armour.
You have claws for hands.
Your natural rate of healing is unusually fast.
You are covered in fur. (AC +1)
You have tough skin. (AC +1)
You are very robust. (+20% HP)


Message History

You are slowing down.
The bog body touches you! The bog body freezes you!!
The bog body gestures at you while chanting.
The bolt of cold hits you!! The bog body barely misses you.
The bog body casts a spell at you. The bolt of cold hits you!!
You have turned to stone.
You stop ascending the stairs.
The bog body touches you! The bog body freezes you! The bog body touches you.
The bog body freezes you!!
The bog body gestures at you while chanting.
The bolt of cold hits you!!
* * * LOW HITPOINT WARNING * * *
The bog body casts a spell at you. You resist with significant effort.
The naga hits you with a +0 war axe.
* * * LOW HITPOINT WARNING * * *
The naga grabs you. The naga constricts you. The basilisk bites you.
The bog body points at you and mumbles some strange words.
You feel as though you will be slow longer.
The bog body gestures at you while chanting.
You resist with significant effort. The naga hits you with a +0 war axe!
* * * LOW HITPOINT WARNING * * *
The naga constricts you.
* * * LOW HITPOINT WARNING * * *
The basilisk bites you!
* * * LOW HITPOINT WARNING * * *
The bog body touches you!
* * * LOW HITPOINT WARNING * * *
The bog body freezes you!
* * * LOW HITPOINT WARNING * * *
The bog body touches you but does no damage.
The naga hits you with a +0 war axe!!
* * * LOW HITPOINT WARNING * * *
The naga constricts you.
* * * LOW HITPOINT WARNING * * *
The basilisk gazes at you. You resist with some effort.
The bog body touches you.
* * * LOW HITPOINT WARNING * * *
The bog body freezes you!!
You die...

...............#..#....
....P....#.............
..................#....
......Y..P......#......
....#..........##......
....#......#....#.....
... #......#........#
.. #........nnN....##
........#Dl@......#.
...#................
........P...........
.#.......>........
..#...#.$.........
..................
######.##.######## ##
###


You could see an eight-headed hydra, 2 bog bodies, a basilisk and a naga.

Vanquished Creatures
  Harold (D:10)
  2 two-headed ogres
  A boulder beetle (D:9)
  4 death yaks (Lair:1)
  Pikel (D:4)
  An ugly thing (D:12)
  A manticore (D:12)
  2 cyclopes (D:11)
  An elephant (Lair:1)
  A black mamba (Lair:1)
  2 cane toads (Lair:1)
  Psyche (D:9)
  2 rime drakes
  5 komodo dragons
  An unseen horror zombie (D:8)
  A troll (D:8)
  Prince Ribbit (D:8)
  14 blink frogs (Lair:1)
  27 yaks
  A vampire (D:12)
  A wraith (D:10)
  2 wyverns
  A basilisk (Lair:2)
  10 vampire mosquitoes
  6 water moccasins
  3 orc warriors
  A sky beast (D:8)
  3 black bears
  6 wolves
  An ogre (D:6)
  5 centaurs
  3 kobold brigands
  4 gnoll sergeants
  4 bullfrogs
  5 scorpions
  A wyvern zombie (D:8)
  8 wights
  4 electric eels (D:8)
  A howler monkey (D:10)
  4 centaur zombies
  3 jellies
  3 bullfrog zombies (D:6)
  2 sleepcaps
  2 gnoll boudas
  11 hounds
  Crazy Yiuf (D:4)
  A human zombie (D:6)
  6 orc priests
  Ijyb (D:5)
  5 iguanas
  5 orc wizards
  2 killer bee zombies
  3 mummies (D:6)
  Robin (D:5)
  31 gnolls
  7 adders
  A shadow imp (D:7)
  3 white imps
  An ufetubus (D:6)
  A worm (D:2)
  2 dart slugs
  25 orcs
  3 endoplasms
  7 giant cockroaches
  23 goblins
  10 hobgoblins
  3 jackals (D:5)
  4 quokkas (D:4)
  4 ball pythons
  4 bats (D:1)
  24 kobolds
  4 rats
346 creatures vanquished.

Vanquished Creatures (collateral kills)
  4 elephants (Lair:2)
  A rime drake (Lair:2)
5 creatures vanquished.

Grand Total: 351 creatures vanquished

Notes
Turn   | Place    | Note
-------+----------+-------------------------------------------
     0 | D:1      | Levsong the Troll Berserker began the quest for the Orb.
     0 | D:1      | Reached XP level 1. HP: 22/22 MP: 0/0
   154 | D:1      | Reached XP level 2. HP: 29/29 MP: 1/1
   384 | D:1      | Reached XP level 3. HP: 36/36 MP: 2/2
   493 | D:1      | Found a faded altar of an unknown god.
   555 | D:2      | Found Pestowia's Antique Armour Shop.
   632 | D:2      | Reached ** piety under Trog
  1161 | D:2      | Reached skill level 4 in Unarmed Combat
  1388 | D:3      | Found Mabyez's Magic Scroll Emporium.
  1393 | D:3      | Bought a scroll of fog for 56 gold pieces
  1393 | D:3      | Bought a scroll of butterflies for 56 gold pieces
  1582 | D:3      | Reached XP level 4. HP: 44/44 MP: 3/3
  2021 | D:3      | Found an iron altar of Okawaru.
  2089 | D:4      | Noticed a black bear
  2093 | D:4      | Killed a black bear
  2094 | D:4      | Reached XP level 5. HP: 53/53 MP: 4/4
  2200 | D:4      | Reached skill level 5 in Unarmed Combat
  2338 | D:4      | Reached XP level 6. HP: 61/61 MP: 5/5
  2484 | D:4      | Noticed Pikel
  2501 | D:4      | Killed Pikel
  2502 | D:4      | Reached skill level 6 in Unarmed Combat
  2502 | D:4      | Reached XP level 7. HP: 29/71 MP: 6/6
  2676 | D:4      | Reached skill level 7 in Unarmed Combat
  2804 | D:4      | Gained mutation: You passively map a small area around you.
                  | [potion of mutation]
  2804 | D:4      | Gained mutation: You have large cloven feet. [potion of
                  | mutation]
  2805 | D:4      | Lost mutation: You have large cloven feet. [potion of
                  | mutation]
  2805 | D:4      | Lost mutation: You passively map a small area around you.
                  | [potion of mutation]
  2805 | D:4      | Gained mutation: You are robust. (+10% HP) [potion of
                  | mutation]
  2805 | D:4      | Gained mutation: You are very robust. (+20% HP) [potion of
                  | mutation]
  2923 | D:4      | Identified the +0 plate armour of Somewhere Else {Harm
                  | +Blink rF- Dex-5}
  3003 | D:4      | Found a runed translucent door.
  3004 | D:4      | Noticed Crazy Yiuf
  3445 | D:4      | Killed Crazy Yiuf
  3513 | D:5      | Entered Level 5 of the Dungeon
  3520 | D:5      | Reached XP level 8. HP: 94/94 MP: 7/7
  3670 | D:5      | Noticed Ijyb
  3670 | D:5      | Noticed Robin
  3681 | D:5      | Killed Ijyb
  3696 | D:5      | Killed Robin
  3759 | D:5      | Found an ornate altar of the Wu Jian Council.
  3909 | D:5      | Reached *** piety under Trog
  3910 | D:5      | Reached skill level 5 in Fighting
  3910 | D:5      | Reached skill level 8 in Unarmed Combat
  4095 | D:5      | Reached skill level 5 in Dodging
  4339 | D:5      | Identified the +3 spear "Plog" {holy, Int+3 Dex+3}
  4392 | D:5      | Found a hazy altar of Hepliaklqana.
  4796 | D:6      | Identified the +2 robe "Doopt" {rElec}
  4861 | D:6      | Reached skill level 9 in Unarmed Combat
  4861 | D:6      | Reached XP level 9. HP: 75/105 MP: 8/8
  4893 | D:6      | HP: 4/105 [ogre/+0 giant club (27)]
  5083 | D:6      | Identified the +0 ring mail of the Harp {Dex+3}
  5165 | D:6      | Found a staircase to the Ecumenical Temple.
  5401 | D:6      | Found a basalt altar of Yredelemnul.
  6307 | D:7      | Reached skill level 10 in Unarmed Combat
  7312 | D:8      | Reached **** piety under Trog
  7370 | D:8      | Noticed a troll
  7389 | D:8      | Killed a troll
  7390 | D:8      | Reached XP level 10. HP: 98/118 MP: 9/9
  7516 | D:8      | Noticed Prince Ribbit
  7540 | D:8      | Killed Prince Ribbit
  7541 | D:8      | Reached skill level 11 in Unarmed Combat
  7766 | D:8      | Found a staircase to the Lair.
  7932 | D:8      | Noticed a two-headed ogre
  7940 | D:8      | Killed a two-headed ogre
  8249 | D:9      | Noticed a boulder beetle
  8258 | D:9      | Killed a boulder beetle
  8259 | D:9      | Reached skill level 12 in Unarmed Combat
  8446 | D:9      | Reached ***** piety under Trog
  8767 | D:9      | Found a stormy altar of Qazlal.
  8772 | D:9      | Identified the +1 ring mail of Vuetonuga {SInv}
  8780 | D:9      | Reached XP level 11. HP: 113/130 MP: 10/10
  8819 | D:9      | Found Bof Ceta's Assorted Antiques.
  8830 | D:9      | Bought a scratched bronze ring for 105 gold pieces
  8941 | D:9      | Bought a yellow potion for 18 gold pieces
  8941 | D:9      | Bought a black potion for 18 gold pieces
  9180 | D:9      | Found a faded altar of an unknown god.
  9180 | D:9      | Found a shimmering blue altar of Sif Muna.
  9188 | D:9      | Found a faded altar of an unknown god.
  9190 | D:9      | Found an ancient bone altar of Kikubaaqudgha.
  9198 | D:9      | Found a bloodstained altar of Trog.
  9244 | D:10     | Entered Level 10 of the Dungeon
  9258 | D:10     | Noticed Psyche
  9399 | D:9      | Killed Psyche
  9711 | D:10     | Noticed Harold
  9734 | D:10     | Killed Harold
  9860 | D:10     | Found a snail-covered altar of Cheibriados.
  9876 | D:10     | Found a glowing golden altar of the Shining One.
  9937 | D:10     | Found a shadowy altar of Dithmenos.
 10412 | D:2      | Bought a glowing hat for 147 gold pieces
 10700 | D:11     | Reached skill level 13 in Unarmed Combat
 11000 | D:11     | Noticed a two-headed ogre
 11004 | D:11     | Killed a two-headed ogre
 11005 | D:11     | Reached skill level 1 in Throwing
 11577 | D:12     | Noticed a white ugly thing
 11589 | D:12     | Killed a white ugly thing
 11768 | Lair:1   | Entered Level 1 of the Lair of Beasts
 11904 | Lair:1   | Reached skill level 10 in Fighting
 11911 | Lair:1   | Reached XP level 12. HP: 140/151 MP: 11/11
 12046 | Lair:1   | Noticed a death yak
 12046 | Lair:1   | Noticed a death yak
 12066 | Lair:1   | Killed a death yak
 12067 | Lair:1   | Noticed a death yak
 12067 | Lair:1   | Noticed a death yak
 12084 | Lair:1   | Killed a death yak
 12087 | Lair:1   | Killed a death yak
 12091 | Lair:1   | Killed a death yak
 12695 | Lair:1   | Reached skill level 14 in Unarmed Combat
 12811 | Lair:2   | Reached skill level 5 in Throwing
 12893 | Lair:1   | Received a gift from Trog
 13087 | Lair:2   | Noticed an eight-headed hydra
 13348 | Lair:2   | Slain by a bog body

Illustrated notes

Levels and vault maps discovered:
D:1:      nicolae_arrival_memento_mori, layout_rooms,
          ebering_ecumenical_altar_webs, minmay_misc_feat_square, minivault_25
D:2:      layout_loops_corners, serial_shops, nicolae_shop_tiny_waterfront
D:3:      wander_river, layout_rooms, okawaru_altar_gauntlet_db, serial_shops,
          shop, serial_co_window_serial, co_window_paths_a, co_window_paths_a,
          co_window_paths_b, co_window_corner_a, co_window_corner_a,
          co_window_2corner, co_window_corner_b, co_window_corner_cb,
          co_window_paths_e, glass_columns_b, glass_columns_c, glass_columns_b
D:4:      layout_basic, serial_co_window_serial, co_window_corner_a,
          co_window_paths_a, co_window_paths_a, co_window_paths_a,
          co_window_paths_b, co_window_broadway_a, co_window_unsneaky_path_c,
          co_window_broadway_a, co_window_broadway_a, co_window_4corner_b,
          co_window_paths_e, glass_columns_b, glass_columns_a, glass_columns_a,
          uniq_pikel, uniq_crazy_yiuf_cottage
D:5:      layout_basic, nicolae_wu_jian_wuxing_cycle,
          nzn_hepliaklqana_mist_gate, nicolae_goblin_pals
D:6:      layout_loops_ring, lemuel_mausoleum_altar_yredelemnul,
          minmay_temple_entry_hall, minmay_alternating_orb
D:7:      layout_layer_cave
D:8:      corexii_shack_village, layout_rooms, erik_lair_island, serial_undead,
          serial_undead_f, serial_undead_f, serial_undead_a, serial_undead_e,
          serial_undead_c, serial_undead_b, uniq_prince_ribbit1
D:9:      layout_cave_pools, mainiacjoe_overflow_chevrons,
          chequers_temple_overflow_minitemple, serial_shops,
          nicolae_stop_n_shop_2
D:10:     minmay_weird_star, layout_long_grid, mainiacjoe_overflow_brackets,
          mainiacjoe_overflow_swirl, uniq_psyche, uniq_harold
D:11:     layout_loops_ring, serial_aquarium, aquarium_bridge_square
          [aquarium_subvault_window, aquarium_subvault_window,
          aquarium_subvault_window, aquarium_subvault_bridge],
          aquarium_window_fake, aquarium_window_3, aquarium_view_2a,
          aquarium_view_2e
D:12:     layout_loops_corners, orc_0_dummy
Lair:1:   layout_chaotic_city, infiniplex_staircase_pool_2
Lair:2:   layout_long_grid, skrybe_swamp_entry_bodies,
          guppyfry_snake_entry_garden, grunt_megastairs_1, serial_bayou_shore_b

Skill      XL: |  1  2  3  4  5  6  7  8  9 10 11 12 |
---------------+-------------------------------------+-----
Unarmed Combat | 4 5 6 7 9 10 12 13 14 | 14.3
Fighting       | 3 4 5 6 7 10 11 | 11.8
Dodging        | 3 4 5 6 7 |  7.5
Throwing       | 2 5 |  5.6

Action                     |  1- 3 |  4- 6 |  7- 9 | 10-12 || total
---------------------------+-------+-------+-------+-------++-------
  Melee: Unarmed           |   108 |    93 |   269 |   491 ||   961
         Punch             |     1 |     1 |    10 |    10 ||    22
  Throw: Dart              |       |     3 |     5 |       ||     8
         Throwing net      |       |       |     1 |     3 ||     4
 Invoke: Berserk           |       |     2 |     4 |     9 ||    15
         Trog's Hand       |       |       |     5 |     5 ||    10
         Brothers in Arms  |       |       |       |     1 ||     1
  Evoke: Wand              |       |       |     1 |       ||     1
    Use: Scroll            |     1 |       |     7 |     8 ||    16
         Potion            |       |       |     2 |       ||     2
   Stab: Held in net/web   |       |       |       |     2 ||     2
 Armour: Animal skin       |    75 |    52 |    92 |       ||   219
         Robe              |       |       |   139 |   605 ||   744
         Skin              |       |       |     4 |       ||     4
  Dodge: Dodged            |    51 |    56 |   189 |   387 ||   683

Table legend: (Time is in decaauts)
 A = Elapsed time spent in this place.
 B = Non-inter-level travel time spent in this place.
 C = Inter-level travel time spent in this place.
 D = Time resting spent in this place.
 E = Time spent auto-exploring this place.
 F = Levels seen in this place.
 G = Mean time per level.
                   A        B        C        D        E       F      G
               +--------+--------+--------+--------+--------+-----+--------+
         Total |  13337 |  12449 |    888 |   1956 |   7320 |  14 |  952.6 |
       Dungeon |  11766 |  10891 |    875 |   1433 |   6788 |  12 |  980.5 |
          Lair |   1571 |   1559 |     12 |    522 |    532 |   2 |  785.5 |
               +--------+--------+--------+--------+--------+-----+--------+

Top non-repeatable levels by time:
     D:4: 1489 daAuts
  Lair:1: 1469 daAuts
     D:7: 1314 daAuts
     D:6: 1312 daAuts
     D:5: 1303 daAuts
     D:9: 1268 daAuts
    D:11: 944 daAuts
     D:8: 890 daAuts
    D:10: 882 daAuts
     D:2: 858 daAuts
     D:3: 764 daAuts
     D:1: 550 daAuts
    D:12: 185 daAuts
  Lair:2: 101 daAuts
